 Dungeon Crawl Stone Soup version 0.17-b1-15-g0f5fb43 (webtiles) character file.

2119 l0ser140 the Archer (level 9, -3/81 HPs)
             Began as a Centaur Hunter on Nov 2, 2015.
             Was a Believer of Okawaru.
             Slain by an iguana (9 damage)
             ... on level 8 of the Dungeon.
             The game lasted 00:23:12 (7815 turns).

l0ser140 the Archer (Centaur Hunter)                Turns: 7815, Time: 00:23:12

Health: -3/81      AC:  5    Str: 19    XL:     9   Next: 8%
Magic:  9/9        EV:  9    Int: 10    God:    Okawaru [**....]
Gold:   396        SH:  0    Dex: 12    Spells: 0 memorised, 8 levels left

rFire  . . .     SeeInvis .     c - +10 great sword of Dischord {freeze, rElec Str+3}
rCold  . . .     Clarity  .     d - +0 leather armour
rNeg   . . .     SustAt   .     (shield currently unavailable)
rPois  .         Gourm    .     x - +0 helmet
rElec  +         Spirit   .     (no cloak)
rCorr  .         Warding  .     (no gloves)
rMut   .         Stasis   .     (no barding)
MR     .....                    (no amulet)
Stlth  +.........               (no ring)
                                (no ring)

@: lethally poisoned (-3 -> -15), very quick, not resistant to hostile
enchantments, very unstealthy
A: hooves 3, deformed body, speed 2, tough skin 3
a: Heroism, Renounce Religion


You were on level 8 of the Dungeon.
You worshipped Okawaru.
Okawaru was pleased with you.
You were not hungry.

You visited 2 branches of the dungeon, and saw 9 of its levels.
You also visited: Sewer.

You collected 396 gold pieces.

Inventory:

Hand Weapons
 a - a +1 shortbow
 c - the +10 great sword of Dischord (weapon) {freeze, rElec Str+3}
   (You found it on level 5 of the Dungeon)

   It has been specially enchanted to freeze those struck by it, causing extra
   injury to most foes and up to half again as much damage against particularly
   susceptible opponents.
   It can also slow down cold-blooded creatures.
   It affects your strength (+3).
   It insulates you from electricity.
Missiles
 b - 21 arrows
 A - 10 arrows of flame
Armour
 d - a +0 leather armour (worn)
 x - a +0 helmet (worn)
Jewellery
 n - an uncursed ring of positive energy {unknown}
 o - an uncursed amulet of clarity {unknown}
 v - an uncursed ring of sustain attributes {unknown}
 K - an uncursed ring of fire {unknown}
 M - a +4 ring of strength {unknown}
Scrolls
 f - 2 scrolls of recharging {unknown}
 i - a scroll of random uselessness {unknown}
 k - 9 scrolls of identify {unknown}
 m - 4 scrolls of teleportation
 p - 3 scrolls of remove curse
 q - 2 scrolls of amnesia {unknown}
 w - a scroll of immolation {unknown}
 y - 2 scrolls of enchant weapon {unknown}
 B - a scroll of blinking {unknown}
 F - 2 scrolls of fear {unknown}
Potions
 g - 4 potions of heal wounds {unknown}
 j - 3 potions of resistance {unknown}
 l - 3 potions of magic {unknown}
 r - a potion of degeneration {unknown}
 s - a potion of berserk rage {unknown}
 t - 2 potions of brilliance {unknown}
 u - 3 potions of cancellation {unknown}
 z - 2 potions of lignification {unknown}
 C - 4 potions of flight
 E - a potion of poison {unknown}
 H - a potion of cure mutation {unknown}
 I - a potion of might {unknown}
 J - 2 potions of agility {unknown}
 L - 2 potions of experience {unknown}
 O - a potion of curing {unknown}
Books
 G - a book of Death

   Spells                             Type                      Level
   a - Corpse Rot                     Necromancy                   2
   b - Sublimation of Blood           Necromancy                   2
   c - Agony                          Necromancy                   5
   d - Dispel Undead                  Necromancy                   5
   e - Excruciating Wounds            Charms/Necromancy            5
   f - Bolt of Draining               Conjuration/Necromancy       5
Comestibles
 e - 7 bread rations
 h - a royal jelly
 D - 2 meat rations


   Skills:
 + Level 7.8 Fighting
 + Level 4.4 Long Blades
 + Level 11.2 Bows
 - Level 1.3 Dodging
 - Level 0.5 Stealth


You had 8 spell levels left.
You didn't know any spells.

Dungeon Overview and Level Annotations

Branches:
Dungeon (8/15)             Temple (1/1) D:5
   Lair: D:8-11

Altars:
Ashenzari
Cheibriados
Dithmenos
Elyvilon
Fedhas
Gozag
Kikubaaqudgha
Makhleb
Nemelex Xobeh
Okawaru
Qazlal
Ru
Trog
Vehumet
Xom
Yredelemnul
Zin
The Shining One

Annotations:
D:7 Joseph


Innate Abilities, Weirdness & Mutations

You have hooves in place of feet.
Armour fits poorly on your strangely shaped body.
You cover ground very quickly.
You have extremely tough skin (AC +3).


Message History

* * * LOW HITPOINT WARNING * * *
You feel sick.
* * * LOW HITPOINT WARNING * * *
You feel sick.
* * * LOW HITPOINT WARNING * * *
You feel sick.
* * * LOW HITPOINT WARNING * * *
You feel sick.
* * * LOW HITPOINT WARNING * * *
You feel sick.
* * * LOW HITPOINT WARNING * * *
You feel sick.
An iguana comes into view.
* * * LOW HITPOINT WARNING * * *
You feel sick.
The iguana hisses angrily.
A necrophage comes into view.
* * * LOW HITPOINT WARNING * * *
You feel sick. The iguana bites you!
You die...

. .. .# .# ..#
.## .# ###
...###.# .#...
....#..###
.#.# .......
...
#.#..####l####
#.......@....#
###..####.##.#
####..# .#
#..g..# .#
#g###.# n# #<#
#.# ## #g# #.#
#.gg..#.#
#.....#.#


You could see a necrophage and an iguana.

Vanquished Creatures
  Pikel (D:4)
  Grinder (D:4)
  A hippogriff (D:7)
  A slave (D:5)
  A necrophage (D:7)
  2 ogres
  A sky beast (D:7)
  The ghost of Scarn the Charmwright, an amateur VSSk of Okawaru (D:3)
  2 giant frogs (D:6)
  2 scorpions
  2 centaur zombies (D:7)
  A centaur skeleton (D:4)
  A jelly (D:8)
  An iguana (D:5)
  Jessica (D:3)
  An orc wizard (D:2)
  8 worker ants
  A merfolk avatar (Sewer)
  A siren (Sewer)
  A hound zombie (D:5)
  2 hound skeletons (D:5)
  A worker ant zombie (D:7)
  A river rat (Sewer)
  11 adders
  3 oozes
  2 adder skeletons (D:4)
  8 giant geckos
  8 orcs
  10 ball pythons
  18 bats
  11 hobgoblins
  10 jackals
  5 giant cockroaches
  9 giant newts
  9 goblins
  A jackal zombie (D:5)
  8 kobolds
  2 quokkas (D:7)
  28 rats
178 creatures vanquished.

Vanquished Creatures (others)
  2 slaves (D:4)
  A giant gecko (D:4)
  A giant newt (D:6)
4 creatures vanquished.

Grand Total: 182 creatures vanquished

Notes
Turn   | Place    | Note
--------------------------------------------------------------
     0 | D:1      | l0ser140 the Centaur Hunter began the quest for the Orb.
     0 | D:1      | Reached XP level 1. HP: 17/17 MP: 1/1
   238 | D:1      | Reached XP level 2. HP: 25/25 MP: 2/2
   616 | D:1      | Reached XP level 3. HP: 26/30 MP: 3/3
  1038 | D:1      | Reached skill level 6 in Bows
  1393 | D:2      | Reached XP level 4. HP: 20/38 MP: 4/4
  1799 | D:3      | Noticed Scarn's ghost (amateur VSSk)
  2684 | D:3      | Reached skill level 7 in Bows
  2684 | D:3      | Reached XP level 5. HP: 41/46 MP: 5/5
  2779 | D:3      | Killed Scarn's ghost
  3048 | D:3      | Noticed Jessica
  3057 | D:3      | Killed Jessica
  3143 | D:3      | Found a faded altar to an unknown god.
  3463 | D:4      | Noticed Grinder
  3478 | D:4      | Found a glowing drain.
  3495 | Sewer    | Entered a sewer
  3599 | Sewer    | Reached XP level 6. HP: 53/53 MP: 6/6
  3835 | Sewer    | Reached skill level 8 in Bows
  3916 | Sewer    | Noticed a drowned soul
  3917 | Sewer    | Noticed a drowned soul
  3917 | Sewer    | Noticed a drowned soul
  4061 | D:5      | Entered Level 5 of the Dungeon
  4072 | D:5      | Reached skill level 5 in Fighting
  4349 | D:5      | Got a faintly glowing great sword
  4350 | D:5      | Identified the +10 great sword of Dischord {freeze, rElec Str+3} (You found it on level 5 of the Dungeon)
  4684 | D:5      | Found a staircase to the Ecumenical Temple.
  4694 | Temple   | Entered the Ecumenical Temple
  4917 | Temple   | Became a worshipper of Warmaster Okawaru
  5379 | D:6      | Reached XP level 7. HP: 50/62 MP: 7/7
  5457 | D:6      | Reached skill level 9 in Bows
  6042 | D:7      | Found a radiant altar of Vehumet.
  6139 | D:7      | Reached skill level 1 in Long Blades
  6197 | D:7      | Reached * piety under Okawaru
  6269 | D:7      | Reached XP level 8. HP: 47/71 MP: 8/8
  6406 | D:7      | Noticed Joseph
  6419 | D:7      | Found a shadowy altar of Dithmenos.
  6494 | D:4      | Killed Grinder
  6494 | D:4      | Reached skill level 10 in Bows
  6545 | D:4      | Found a glowing silver altar of Zin.
  6650 | D:4      | Found a sacrificial altar of Ru.
  6650 | D:4      | Found a white marble altar of Elyvilon.
  6703 | D:4      | Found a shimmering altar of Xom.
  6799 | D:4      | Noticed Pikel
  6799 | D:4      | Noticed a slave
  6799 | D:4      | Noticed a slave
  6800 | D:4      | Noticed a slave
  6802 | D:4      | Noticed an ogre
  6805 | D:4      | Noticed a slave
  6824 | D:5      | Killed a slave
  6903 | D:4      | Killed Pikel
  6903 | D:4      | Reached ** piety under Okawaru
  6903 | D:4      | Reached skill level 11 in Bows
  6906 | D:4      | Killed a freed slave
  6917 | D:4      | Killed a freed slave
  6921 | D:4      | Killed an ogre
  7350 | D:4      | Reached XP level 9. HP: 77/80 MP: 9/9
  7815 | D:8      | Slain by an iguana

Action                   |  1- 3 |  4- 6 |  7- 9 || total
-------------------------+-------+-------+-------++-------
Melee: Short sword       |    56 |   270 |       ||   326
       Great sword       |       |     8 |    95 ||   103
 Fire: Shortbow          |    78 |    70 |    26 ||   174
  Use: Scroll            |     1 |       |       ||     1
  Eat: Chunk             |       |     5 |     8 ||    13
       Bread ration      |       |     1 |       ||     1
